 Dungeon Sprint DCSS version 0.24-a0-536-gdd4cf15 (webtiles) character file.

Game seed: 299721301718899549

6044 Faca the Warrior (level 11, -3/110 HPs)
             Began as a Formicid Fighter on Aug 13, 2019.
             Was the Champion of the Shining One.
             Slain by a catoblepas (12 damage)
             ... in the Dungeon (Sprint IX: "|||||||||||||||||||||||||||||").
             The game lasted 00:05:00 (1996 turns).

Faca the Warrior (Formicid Fighter)                 Turns: 1996, Time: 00:05:00

Health: -3/110     AC: 13    Str: 23    XL:     11   Next: 11%
Magic:  11/11      EV:  3    Int:  9    God:    the Shining One [******]
Gold:   0          SH:  0    Dex: 10    Spells: 10/10 levels left

rFire    . . .     SeeInvis +   p - +2 scimitar (flame)
rCold    . . .     Gourm    .   c - +0 shield
rNeg     + + +     Faith    .   q - +1 chain mail
rPois    .         Spirit   .   (helmet unavailable)
rElec    .         Reflect  .   a - +0 cloak
rCorr    .         Harm     .   (no gloves)
MR       +....                  (no boots)
Stlth    ..........             (no amulet)
HPRegen  0.28/turn              b - +2 ring of protection
MPRegen  0.12/turn              (no ring)

@: petrifying (expiring), glowing, very slow
A: permanent stasis, dig shafts and tunnels, four strong arms, antennae 3
a: Dig, Divine Shield, Cleansing Flame, Summon Divine Warrior, Brand Weapon With
Holy Wrath, Renounce Religion


You were in the Dungeon.
You worshipped the Shining One.
The Shining One was exalted by your worship.
You were not hungry.

You visited 1 branch

Inventory:

Hand Weapons
 p - a +2 scimitar of flaming (weapon)
Armour
 a - a +0 cloak (worn)
 c - a +0 shield (worn)
 q - a +1 chain mail (worn)
Jewellery
 b - a +2 ring of protection (left hand)
Wands
 o - a wand of iceblast (10)
Scrolls
 k - 2 scrolls of blinking
 m - 4 scrolls of remove curse
 n - 2 scrolls of amnesia
 s - 3 scrolls of fog
 t - 4 scrolls of enchant weapon
 u - a scroll of identify
Potions
 d - 2 potions of might
 e - 7 potions of curing
 g - 2 potions of brilliance
 h - a potion of haste
 i - 4 potions of magic
 j - a potion of berserk rage
 l - a potion of invisibility
 r - a potion of cancellation


   Skills:
 + Level 18.5 Fighting
 + Level 17.0 Long Blades
 - Level 3.2 Armour
 - Level 3.6 Shields


You had 10 spell levels left.
You didn't know any spells.
Your spell library was empty.

Dungeon Overview and Level Annotations

Branches:
Dungeon (1/1)

Altars:
Cheibriados
Dithmenos
Elyvilon
Fedhas
Gozag
Hepliaklqana
Kikubaaqudgha
Makhleb
Nemelex Xobeh
Okawaru
Qazlal
Ru
Sif Muna
Trog
Uskayaw
Vehumet
Wu Jian
Xom
Yredelemnul
Zin
The Shining One
Beogh
Jiyva
Lugonu


Innate Abilities, Weirdness & Mutations

You cannot be hasted, slowed, berserked, paralysed or teleported.
You can dig through walls and to a lower floor.
Your four strong arms can wield two-handed weapons with a shield.
You have a pair of large antennae on your head. (SInv)


Message History

You are engulfed in calcifying dust.
The catoblepas gores you but does no damage.
The catoblepas breathes a plume of calcifying dust at you.
The blast of calcifying dust hits you.
* * * LOW HITPOINT WARNING * * *
You are engulfed in calcifying dust.
The catoblepas gores you!!
* * * LOW HITPOINT WARNING * * *
You are engulfed in calcifying dust.
The catoblepas rams the ground with its head heavily.
The catoblepas gores you but does no damage.
You turn to flesh and can move again.
You fail to use your ability.
You are engulfed in calcifying dust.
You are slowing down.
The catoblepas gores you.
* * * LOW HITPOINT WARNING * * *
You slice the catoblepas!! You burn the catoblepas!
The catoblepas is severely wounded.
You are engulfed in calcifying dust.
Your limbs have turned to stone.
The catoblepas gores you!!
You die...

▓▓▓▓▓▓▓▓▓▓▓▓▓▓▓▓▓▓▓▓▓▓▓▓▓
▓<...÷.....))....'_______
▓▓▓▓▓▓▓▓▓▓▓▓▓▓▓▓▓▓▓▓▓▓▓▓▓
▓........................
▓.▓▓▓▓▓▓▓▓▓▓▓▓▓▓▓▓▓▓▓▓▓▓▓
▓...§.§.@YYYYYYY[.....'..
▓▓▓▓▓▓▓▓▓▓▓▓▓▓▓▓▓▓▓▓▓▓▓▓▓


{{{{{{{{{{ You could see 2 death yaks, 4 catoblepae and a yak.

Vanquished Creatures
  2 hydras (D)
  A death yak (D)
  A black mamba (D)
  4 spiny frogs (D)
  A rime drake (D)
  3 trolls (D)
  A polar bear (D)
  A hippogriff (D)
  A blink frog (D)
  A basilisk (D)
  2 yaks (D)
  3 porcupines (D)
  A necrophage (D)
  2 ogres (D)
  A crocodile (D)
  A scorpion (D)
  A crimson imp (D)
  A jelly (D)
  An iguana (D)
  An orc wizard (D)
  A hell rat (D)
  A gnoll (D)
  A shadow imp (D)
  An adder zombie (D)
  A giant cockroach (D)
  A ball python (D)
  2 frilled lizards (D)
  A quokka zombie (D)
  2 rats (D)
41 creatures vanquished.

Notes
Turn   | Place    | Note
-------+----------+-------------------------------------------
     0 | D        | Faca the Formicid Fighter began the quest for the Orb.
     0 | D        | Reached XP level 1. HP: 18/18 MP: 1/1
    11 | D        | Reached skill level 4 in Fighting
    22 | D        | Noticed an ogre
    22 | D        | Noticed a crimson imp
    28 | D        | Killed an ogre
    28 | D        | Reached skill level 7 in Fighting
    28 | D        | Reached XP level 2. HP: 17/31 MP: 2/2
    28 | D        | Reached XP level 3. HP: 20/36 MP: 3/3
    28 | D        | Reached XP level 4. HP: 24/43 MP: 4/4
    47 | D        | Reached XP level 5. HP: 8/48 MP: 5/5
    54 | D        | Reached skill level 8 in Fighting
   303 | D        | Found a roughly hewn altar of Beogh.
   303 | D        | Found a snail-covered altar of Cheibriados.
   303 | D        | Found a shadowy altar of Dithmenos.
   303 | D        | Found a white marble altar of Elyvilon.
   303 | D        | Found a blossoming altar of Fedhas.
   303 | D        | Found an opulent altar of Gozag.
   304 | D        | Found a hazy altar of Hepliaklqana.
   305 | D        | Found a viscous altar of Jiyva.
   306 | D        | Found an ancient bone altar of Kikubaaqudgha.
   307 | D        | Found a corrupted altar of Lugonu.
   308 | D        | Found a burning altar of Makhleb.
   309 | D        | Found a sparkling altar of Nemelex Xobeh.
   310 | D        | Found an iron altar of Okawaru.
   311 | D        | Found a stormy altar of Qazlal.
   312 | D        | Found a sacrificial altar of Ru.
   313 | D        | Found a shimmering blue altar of Sif Muna.
   314 | D        | Found a bloodstained altar of Trog.
   315 | D        | Found a hide-covered altar of Uskayaw.
   316 | D        | Found a radiant altar of Vehumet.
   317 | D        | Found an ornate altar of the Wu Jian Council.
   318 | D        | Found a shimmering altar of Xom.
   319 | D        | Found a basalt altar of Yredelemnul.
   320 | D        | Found a glowing silver altar of Zin.
   321 | D        | Found a glowing golden altar of the Shining One.
   335 | D        | Became a worshipper of the Shining One
   373 | D        | Noticed a necrophage
   373 | D        | Reached * piety under the Shining One
   373 | D        | Noticed a troll
   375 | D        | Killed a necrophage
   375 | D        | Reached ** piety under the Shining One
   375 | D        | Reached skill level 9 in Fighting
   375 | D        | Reached XP level 6. HP: 60/60 MP: 6/6
   381 | D        | Reached skill level 10 in Fighting
   383 | D        | Killed a troll
   383 | D        | Reached skill level 11 in Fighting
   383 | D        | Reached skill level 10 in Long Blades
   383 | D        | Reached XP level 7. HP: 68/68 MP: 7/7
   448 | D        | Reached *** piety under the Shining One
   448 | D        | Noticed a troll
   448 | D        | Noticed a troll
   448 | D        | Noticed a yak
   449 | D        | Reached skill level 12 in Fighting
   467 | D        | Killed a troll
   467 | D        | Reached skill level 13 in Fighting
   467 | D        | Reached XP level 8. HP: 13/79 MP: 8/8
   471 | D        | Killed a troll
   474 | D        | Killed a yak
   812 | D        | Reached **** piety under the Shining One
   812 | D        | Noticed a black mamba
   812 | D        | Noticed a basilisk
   812 | D        | Noticed a spiny frog
   812 | D        | Noticed a spiny frog
   813 | D        | Noticed an eight-headed hydra
   817 | D        | Reached skill level 14 in Fighting
   823 | D        | Killed a black mamba
   823 | D        | Reached XP level 9. HP: 59/88 MP: 9/9
   828 | D        | Killed a three-headed hydra
   828 | D        | Reached skill level 15 in Fighting
   837 | D        | Killed a spiny frog
   837 | D        | Reached skill level 16 in Fighting
   839 | D        | Reached XP level 10. HP: 13/98 MP: 10/10
   842 | D        | Reached ***** piety under the Shining One
  1194 | D        | Killed a spiny frog
  1194 | D        | Reached skill level 15 in Long Blades
  1215 | D        | Noticed a rime drake
  1215 | D        | Noticed a spiny frog
  1215 | D        | Noticed a seven-headed hydra
  1223 | D        | Killed a three-headed hydra
  1223 | D        | Reached skill level 17 in Fighting
  1224 | D        | Killed a rime drake
  1225 | D        | Noticed a spiny frog
  1226 | D        | Killed a spiny frog
  1241 | D        | Reached skill level 18 in Fighting
  1247 | D        | Killed a spiny frog
  1247 | D        | Reached XP level 11. HP: 55/109 MP: 11/11
  1474 | D        | Noticed a death yak
  1474 | D        | Noticed a catoblepas
  1474 | D        | Reached ****** piety under the Shining One
  1474 | D        | Noticed a catoblepas
  1474 | D        | Noticed a death yak
  1474 | D        | Noticed a catoblepas
  1481 | D        | Noticed a death yak
  1972 | D        | Noticed a catoblepas
  1985 | D        | Killed a death yak
  1996 | D        | Slain by a catoblepas

Levels and vault maps discovered:
D:        linesprint [early_d, line_temple, items_1, d_10, items_2, lair_1,
          lair_end, items_3, orc_1, orc_end, items_4, d_15, swamp_1, shoals_1,
          snake_1, spider_1, d_20, vaults_1, items_5, swamp_end, shoals_end,
          snake_end, spider_end, vaults_end, d_27, items_6, zot_1, zot_end,
          crypt_end, forest_end, elf_end, slime_end, tomb_end, abyss_end,
          pan_hell_end]

Skill      XL: |  1  2  3  4  5  6  7  8  9 10 11 |
---------------+----------------------------------+-----
Fighting       | 7 9 11 13 14 16 18 | 18.5
Long Blades    | 6 8 10 11 13 14 16 17 | 17.0
Armour         | |  3.2
Shields        | |  3.6

Action                   |  1- 3 |  4- 6 |  7- 9 | 10-12 || total
-------------------------+-------+-------+-------+-------++-------
Melee: Long sword        |    18 |    23 |       |       ||    41
       Scimitar          |       |    10 |    59 |    56 ||   125
  Use: Potion            |       |       |     3 |       ||     3
  Eat: Chunk             |       |       |       |     2 ||     2
       Ration            |       |       |       |     1 ||     1
Armor: Scale mail        |     2 |     5 |       |       ||     7
       Chain mail        |       |     3 |    22 |    33 ||    58
Dodge: Dodged            |     5 |     7 |    14 |     8 ||    34
Block: Shield            |     7 |    11 |    17 |     8 ||    43
       Rpst.: Long sword |     3 |       |       |       ||     3
       Scimitar          |       |     2 |     1 |     2 ||     5

Table legend:
 A = Non-vault XP
 B = Vault XP
 C = Vault XP percentage of total XP
 D = Non-vault monster count
 E = Vault monster count
 F = Vault count percentage of total count
                 A         B        C        D         E       F
            +---------+---------+-------+---------+---------+-------
      Total |       0 |    8635 | 100.0 |       0 |      41 | 100.0
            +---------+---------+-------+---------+---------+-------
          D |       0 |    8635 | 100.0 |       0 |      41 | 100.0
            +---------+---------+-------+---------+---------+-------
